Map: [ESL] Hecate

Players

Ryung

  • Race: Terran Terran
  • Spawn Location: 7:00

Bunny - Winner!

  • Race: Terran Terran
  • Spawn Location: 1:00

Event: ESL SC2 Masters 2023 Winter (Finals)

VOD

Have the link to the VOD?

Description

Time

  • Played on: Dec. 15, 2023, 3:29 p.m.
  • Length: 15:49

All games in this series

Show
View Real Time Build Order
Export as new Build Order

Ryung Terran 

Build Orders: Cyclone Opening 

Get SALT Encoding   

  12  0:00  SCV  
  13  0:12  SCV  
  14  0:16  Supply Depot  
  14  0:25  SCV  
  15  0:38  SCV  
  15  0:41  Barracks  
  16  0:43  Refinery  
  16  0:50  SCV  
  16  0:52  Refinery  
  17  1:02  SCV  
  18  1:14  SCV  
  19  1:28  Orbital Command, Reaper  
  20  1:32  Supply Depot  
  20  1:42  Factory  
  20  1:55  SCV  
  20  2:00  Reaper  
  22  2:07  SCV  
  23  2:20  SCV  
  24  2:26  Command Center  
  23  2:30  Cyclone  
  23  2:32  SCV  
  27  2:44  SCV  
  27  2:45  Starport  
  27  2:51  Barracks Reactor, Supply Depot  
  27  2:56  SCV  
  28  3:04  Cyclone  
  30  3:08  SCV  
  31  3:20  SCV  
  31  3:21  Starport Tech Lab  
  32  3:32  SCV  
  33  3:41  Orbital Command  
  33  3:42  Raven  
  33  3:44  Cyclone, Refinery  
  33  3:46  SCV  
  38  3:51  Cyclone  
  40  3:58  SCV  
  41  4:07  SCV  
  42  4:10  SCV  
  42  4:19  Cyclone  
  42  4:20  SCV  
  42  4:22  SCV  
  42  4:23  Cyclone  
  46  4:26  Supply Depot  
  46  4:27  Raven  
  48  4:32  SCV  
  48  4:34  SCV  
  50  4:44  SCV  
  51  4:46  SCV  
  51  4:48  Command Center  
  51  4:51  Supply Depot  
  52  4:55  Cyclone  
  52  4:56  SCV  
  52  4:58  SCV  
  56  5:00  Cyclone  
  56  5:03  Raven  
  60  5:08  SCV  
  60  5:09  Barracks Tech Lab  
  60  5:10  SCV  
  62  5:14  Supply Depot  
  62  5:20  SCV  
  63  5:22  SCV, Supply Depot  
  63  5:28  Cyclone  
  66  5:31  Stimpack, Marine  
  66  5:32  Cyclone  
  66  5:34  SCV  
  70  5:37  SCV  
  71  5:45  Starport Reactor  
  71  5:49  Barracks, SCV x2  
  73  5:50  Marine  
  73  5:53  Barracks  
  74  5:58  Engineering Bay  
  74  5:59  Engineering Bay  
  74  6:01  SCV  
  76  6:06  SCV  
  76  6:07  Orbital Command  
  76  6:11  Marine  
  75  6:24  SCV x2  
  57  6:28  Marine  
  55  6:32  Terran Infantry Weapons Level 1, Terran Infantry Armor Level 1  
  55  6:36  SCV x2  
  55  6:39  Starport Reactor  
  60  6:40  Siege Tank  
  60  6:44  SCV  
  61  6:48  SCV  
  61  6:54  Marine x4  
  63  6:55  Barracks  
  63  6:56  Barracks  
  63  7:01  Orbital Command, Marine, SCV x2  
  68  7:05  Refinery  
  69  7:12  Siege Tank  
  69  7:13  Combat Shield  
  69  7:14  SCV x2  
  74  7:16  Marine x4  
  74  7:19  Marine  
  74  7:21  Supply Depot  
  79  7:25  Medivac  
  79  7:26  SCV  
  79  7:27  SCV  
  79  7:29  Medivac  
  85  7:32  SCV  
  86  7:39  SCV x2  
  86  7:41  Marine x3  
  86  7:42  Supply Depot, Marine  
  92  7:45  Barracks Reactor x2  
  92  7:48  SCV  
  92  7:50  Marine, Supply Depot  
  92  7:51  Supply Depot, SCV x2  
  96  7:56  Siege Tank  
  99  7:59  Marine x2  
  99  8:01  Refinery  
  99  8:02  Refinery  
  99  8:03  SCV x2  
  99  8:04  Missile Turret, SCV  
  104  8:07  Marine x2  
  104  8:08  Marine  
  104  8:12  Armory  
  107  8:15  SCV  
  107  8:16  SCV  
  107  8:19  Marine x2  
  111  8:21  Medivac x2  
  111  8:25  Marine  
  113  8:29  SCV x3  
  113  8:31  Marine x4  
  120  8:38  Supply Depot  
  104  8:50  Marine x4  
  104  8:53  Siege Tank  
  104  8:55  Marine x4  
  107  9:00  Medivac x2  
  107  9:02  SCV x3  
  118  9:03  Marine  
  118  9:08  Marine x4  
  123  9:13  Marine x2  
  123  9:14  Marine x2  
  127  9:18  Terran Infantry Weapons Level 2  
  127  9:21  Marine  
  127  9:22  SCV x3  
  131  9:26  Marine  
  131  9:29  Marine  
  133  9:39  Sensor Tower  
  133  9:40  Marine x2, Supply Depot, SCV  
  133  9:41  Siege Tank, SCV x2  
  139  9:46  Terran Infantry Armor Level 2  
  139  9:50  Supply Depot  
  139  9:51  Supply Depot  
  139  9:56  Command Center, Marine x2  
  140  10:05  Terran Vehicle Weapons Level 1  
  140  10:06  Marine x4  
  142  10:07  Marine x3  
  128  10:14  Marine x2  
  128  10:17  Siege Tank  
  116  10:24  Marine x4  
  116  10:25  Marine x3  
  123  10:32  Marine x2  
  124  10:42  Marine x4  
  126  10:43  Marine x3  
  126  10:49  Factory  
  129  10:50  Marine x2  
  129  10:52  SCV  
  129  10:53  SCV  
  129  10:54  Sensor Tower  
  133  11:00  Siege Tank, Marine x4  
  133  11:01  Marine  
  141  11:07  Liberator  
  142  11:13  Marine  
  142  11:14  Marine x2  
  142  11:16  SCV x3  
  148  11:26  Marine x4  
  148  11:27  Marine  
  148  11:30  Barracks Reactor  
  153  11:33  Marine x2  
  153  11:34  Marine  
  156  11:44  Marine x4  
  156  11:45  Siege Tank, Marine  
  164  11:51  Marine x2  
  164  11:52  Marine  
  161  12:01  Siege Tank  
  161  12:02  Marine x5  
  169  12:09  Planetary Fortress, Marine x2  
  169  12:13  Viking  
  173  12:15  Viking  
  168  12:28  Siege Tank  
  171  12:33  Siege Tank  
  171  12:35  Marine x5  
  170  12:39  Marine x2  
  170  12:40  Marine  
  171  12:48  Viking x2  
  175  12:53  Marine x3  
  160  13:10  Siege Tank x2  
  166  13:16  Marine x2  
  166  13:17  Marine x2  
  170  13:26  Marine x6  
  168  13:34  Marine x4  
  169  13:44  Liberator, Marine x6  
  169  13:47  Siege Tank  
  177  13:52  Marine x3  
  180  13:59  Marine  
  180  14:02  Marine  
  164  14:08  Siege Tank  
  164  14:09  Marine x2  
  149  14:11  Marine  
  149  14:13  Marine  
  149  14:16  Marine  
  152  14:21  Orbital Command  
  136  14:27  Marine x4  
  136  14:28  Marine x3  
  131  14:33  Siege Tank  
  133  14:40  Siege Tank  
  136  14:52  Viking  
  138  15:05  Sensor Tower  
  138  15:10  Marine x7  
  138  15:11  Marine x3  
  110  15:28  Marine x8  
  113  15:29  Marine x2  
Show
View Real Time Build Order
Export as new Build Order

Bunny Terran - Winner!

Build Orders: Gas First Reaper Expand 

Get SALT Encoding   

  12  0:00  SCV  
  13  0:12  SCV  
  14  0:17  Supply Depot  
  14  0:24  SCV  
  14  0:27  Refinery  
  15  0:38  SCV  
  16  0:44  Barracks  
  16  0:50  SCV  
  17  1:02  SCV  
  18  1:15  SCV  
  19  1:30  Orbital Command  
  19  1:31  Reaper  
  20  1:42  Command Center  
  20  1:52  Factory  
  20  1:55  SCV  
  21  2:03  Supply Depot  
  21  2:05  Barracks Reactor  
  21  2:09  SCV  
  22  2:16  Refinery  
  22  2:21  SCV  
  23  2:33  SCV  
  24  2:42  Starport  
  24  2:45  Hellion x2  
  24  2:46  SCV  
  29  2:55  Orbital Command  
  29  2:58  SCV  
  29  3:00  Barracks Tech Lab  
  29  3:06  Cyclone  
  29  3:12  Cyclone  
  33  3:15  SCV  
  34  3:22  SCV  
  35  3:27  SCV  
  35  3:32  Raven, Refinery  
  38  3:34  SCV  
  38  3:37  Supply Depot  
  38  3:40  SCV  
  39  3:43  Cyclone  
  39  3:46  SCV  
  42  3:51  Cyclone  
  42  3:53  SCV  
  45  4:00  SCV  
  46  4:05  SCV  
  47  4:11  Raven  
  49  4:18  SCV x2  
  49  4:22  Command Center  
  53  4:24  Cyclone  
  53  4:30  Cyclone  
  51  4:33  Interference Matrix  
  51  4:35  SCV x2  
  53  4:38  Supply Depot  
  53  4:42  Barracks Tech Lab  
  53  4:47  SCV x2  
  53  4:52  Raven  
  57  4:59  SCV x2  
  59  5:04  Supply Depot  
  59  5:08  Siege Tank, Marine x2  
  59  5:11  SCV x2  
  66  5:17  Barracks  
  66  5:19  Barracks  
  66  5:23  SCV x2  
  66  5:26  Marine x2  
  70  5:33  Raven  
  70  5:35  Orbital Command  
  72  5:36  SCV  
  72  5:37  SCV  
  74  5:43  Siege Tank  
  74  5:45  Marine  
  74  5:46  Supply Depot  
  74  5:47  Marine  
  79  5:50  SCV  
  79  5:51  SCV  
  79  5:53  Refinery  
  81  5:59  Engineering Bay  
  81  6:00  Engineering Bay  
  81  6:03  SCV  
  82  6:05  Marine x2  
  83  6:13  Barracks Tech Lab  
  83  6:15  Siege Tank  
  83  6:17  Starport Reactor  
  83  6:18  Stimpack  
  73  6:27  Marine x3  
  73  6:31  SCV x3  
  78  6:35  Combat Shield, Marine  
  79  6:40  Barracks x2  
  79  6:43  SCV x3  
  82  6:48  Marine  
  82  6:49  Marine x2  
  82  6:50  Siege Tank  
  82  6:53  Marine  
  89  6:56  SCV x3  
  89  6:57  Medivac  
  92  7:04  Refinery x2  
  92  7:06  Marine  
  92  7:07  Medivac  
  92  7:08  SCV x3, Marine x2  
  99  7:14  Marine  
  101  7:25  Supply Depot x2  
  101  7:26  Barracks Reactor x2  
  101  7:31  Supply Depot  
  101  7:32  Supply Depot  
  101  7:42  Supply Depot, Marine x2, SCV x2  
  109  7:46  Siege Tank, SCV, Marine x2  
  109  7:50  Sensor Tower  
  111  7:52  Terran Infantry Weapons Level 1, Terran Infantry Armor Level 1  
  111  7:54  SCV x2  
  113  7:58  SCV  
  113  8:00  Marine x2  
  113  8:01  Missile Turret  
  113  8:02  Missile Turret  
  113  8:03  Command Center  
  113  8:04  Marine x2  
  118  8:08  Marine x4  
  122  8:17  Medivac x2  
  122  8:18  Siege Tank, Marine  
  130  8:23  Marine x3  
  130  8:25  Marine  
  130  8:26  Marine x3  
  135  8:38  Marine  
  135  8:41  Marine x3  
  128  8:43  Marine  
  128  8:44  Marine x2  
  128  8:45  Armory  
  120  8:48  Marine  
  117  8:55  Marine  
  117  8:56  Siege Tank  
  117  8:58  Marine  
  117  8:59  Medivac, Marine x2  
  117  9:00  Medivac  
  117  9:01  Marine x3  
  131  9:04  SCV x2  
  131  9:05  SCV  
  131  9:06  Marine  
  135  9:13  Marine  
  135  9:16  Marine  
  135  9:17  Marine x2  
  137  9:19  Marine x3  
  142  9:24  Marine  
  142  9:28  Siege Tank, SCV x2  
  148  9:31  Marine  
  148  9:32  Medivac x2  
  148  9:34  Marine x3  
  156  9:46  Supply Depot  
  156  9:47  Supply Depot  
  156  9:48  Planetary Fortress, Marine x4  
  156  9:49  Marine  
  156  9:52  Marine x3  
  164  10:00  Factory  
  164  10:03  Terran Vehicle Weapons Level 1  
  164  10:04  Supply Depot x2  
  164  10:06  Marine  
  162  10:07  Siege Tank  
  136  10:14  Marine x3  
  136  10:16  SCV x3  
  130  10:21  Marine  
  130  10:22  Marine x3  
  130  10:23  Marine  
  130  10:25  Viking x2  
  139  10:32  Marine x3  
  142  10:39  Marine  
  142  10:40  Siege Tank, Marine x3  
  142  10:41  Marine  
  146  10:49  Factory Tech Lab  
  146  10:50  Terran Infantry Weapons Level 2, Marine x3  
  146  10:52  Terran Infantry Armor Level 2  
  149  10:57  Marine x4  
  149  10:58  Medivac x2  
  149  10:59  Marine  
  149  11:00  SCV x3  
  161  11:09  Siege Tank  
  161  11:10  Marine x3  
  164  11:12  Siege Tank  
  164  11:15  Marine x2  
  164  11:16  SCV x2  
  164  11:17  SCV x2  
  173  11:18  Refinery  
  173  11:19  Marine x2  
  173  11:20  Refinery  
  175  11:34  Sensor Tower, Marine x4  
  179  11:41  Siege Tank  
  179  11:44  Marine  
  182  11:52  Marine  
  183  11:55  Barracks x2  
  183  11:56  Barracks  
  183  11:57  Marine x6  
  183  11:59  Starport  
  183  12:00  Siege Tank  
  183  12:01  Missile Turret  
  192  12:02  Marine  
  193  12:10  Command Center, Marine  
  194  12:21  Siege Tank  
  196  12:30  Terran Vehicle Weapons Level 2  
  196  12:31  Marine  
  196  12:33  Marine x3  
  196  12:34  Marine x4  
  196  12:38  Siege Tank  
  195  12:49  Marine  
  196  12:55  Barracks Reactor x2  
  196  12:56  Starport Reactor  
  196  12:58  Fusion Core  
  196  13:00  Marine  
  196  13:02  Marine  
  196  13:03  Siege Tank, Medivac, Marine x4  
  196  13:04  Medivac, Marine  
  188  13:07  Marine  
  188  13:08  Marine  
  188  13:10  Siege Tank  
  187  13:18  Marine  
  186  13:20  Marine  
  186  13:21  Marine x4  
  182  13:31  Marine  
  182  13:32  Marine x5  
  182  13:33  Medivac  
  190  13:34  Medivac  
  190  13:35  Barracks Reactor, Siege Tank  
  189  13:42  Siege Tank, Medivac x2  
  191  13:54  Command Center  
  191  14:00  Marine x12  
  186  14:07  Siege Tank, Refinery  
  181  14:10  Viking  
  181  14:12  Viking  
  181  14:15  Siege Tank  
  181  14:16  Refinery  
  188  14:18  Marine x10  
  188  14:25  Marine x4  
  188  14:27  Planetary Fortress  
  176  14:35  Marine  
  176  14:36  Marine x8  
  176  14:38  Viking  
  187  14:41  Viking  
  189  14:46  Viking x2  
  193  14:59  SCV x4  
  197  15:00  Siege Tank  
Tags
 
Add a new tag
Caveats
  • Supply blocks, unpowered buildings, or Contaminate may cause inaccurate times.
  • Supply counts are checked every 10 seconds.